| TOP OF THE 1ST |
|
Minnesota Twins batting - Pitching for Chicago White Sox : RHP Ray Corbin
|
|
Pitching: RHP Ray Corbin
|
|
|
Batting: RHB Lee Lacy
|
0-0: Called Strike 0-1: Called Strike 0-2: Ball 1-2: SINGLE (Groundball, 56, EV 88.8 MPH) (infield hit)
|
|
Batting: RHB Steve Brye
|
0-0: Ball 1-0: Foul Ball, location: 2F 1-1: Called Strike 1-2: Ball 2-2: Ball 3-2: Foul Ball, location: 2F 3-2: Foul Ball, location: 2F 3-2: Base on Balls Lee Lacy to second
|
|
Batting: RHB Matt Cooper
|
0-0: Ball 1-0: Ball 2-0: Grounds into double play, 6-4-3 (Groundball, 6, EV 108.8 MPH) Lee Lacy to third
|
|
Batting: RHB Randy Edwards
|
0-0: Fly out, F7 (Line Drive, 7, EV 101.3 MPH)
|
| Top of the 1st over - 0 runs, 1 hit, 0 errors, 1 left on base; Minnesota 0 - Chicago 0 |
| BOTTOM OF THE 1ST |
|
Chicago White Sox batting - Pitching for Minnesota Twins : RHP Marcos Ortega
|
|
Pitching: RHP Marcos Ortega
|
|
|
Batting: SHB Ozzie Smith
|
0-0: Called Strike 0-1: Foul Ball, location: 2F 0-2: Strikes out swinging
|
|
Batting: LHB Mitchell Page
|
0-0: Called Strike 0-1: Ball 1-1: Called Strike 1-2: Ball 2-2: Ball 3-2: Foul Ball, location: 2F 3-2: Strikes out swinging
|
|
Batting: RHB Tim Teufel
|
0-0: Swinging Strike 0-1: Swinging Strike 0-2: Ball 1-2: Strikes out swinging
|
| Bottom of the 1st over - 0 runs, 0 hits, 0 errors, 0 left on base; Minnesota 0 - Chicago 0 |
| TOP OF THE 2ND |
|
Minnesota Twins batting - Pitching for Chicago White Sox : RHP Ray Corbin
|
|
Batting: RHB Larry Hisle
|
0-0: Called Strike 0-1: Ball 1-1: Ball 2-1: Ball 3-1: Foul Ball, location: 2F 3-2: Base on Balls
|
|
Batting: RHB George Foster
|
0-0: Called Strike 0-1: Called Strike 0-2: Foul Ball, location: 2F 0-2: Fly out, F8 (Line Drive, 8RM, EV 100.0 MPH)
|
|
Batting: RHB Chet Lemon
|
0-0: Fielders Choice at 2nd, 6-4 (Groundball, 56, EV 99.4 MPH)
|
|
Batting: RHB Brook Jacoby
|
0-0: Ball 1-0: Called Strike 1-1: Ball 2-1: Ball 3-1: Foul Ball, location: 2F 3-2: Strikes out swinging
|
| Top of the 2nd over - 0 runs, 0 hits, 0 errors, 1 left on base; Minnesota 0 - Chicago 0 |
| BOTTOM OF THE 2ND |
|
Chicago White Sox batting - Pitching for Minnesota Twins : RHP Marcos Ortega
|
|
Now in LF: Eloy Escobedo
|
|
|
Batting: RHB Mike Heath
|
0-0: Called Strike 0-1: Ball 1-1: Foul Ball, location: 2F 1-2: Ball 2-2: Ball 3-2: Ground out 6-3 (Groundball, 6D, EV 85.6 MPH)
|
|
Batting: RHB Kevin McReynolds
|
0-0: Ball 1-0: Called Strike 1-1: SINGLE (Line Drive, 89S, EV 93.1 MPH)
|
|
Batting: RHB Steve Henderson
|
0-0: Ball 1-0: Fly out, F9 (Flyball, 9, EV 95.6 MPH)
|
|
Batting: LHB Ryan MacFarland
|
0-0: Ball 1-0: Ball 2-0: Called Strike 2-1: Swinging Strike 2-2: Foul Ball, location: 2F 2-2: Foul Ball, location: 2F 2-2: Ball 3-2: Foul Ball, location: 2F 3-2: Ground out 3-1 (Groundball, 3L, EV 85.0 MPH)
|
| Bottom of the 2nd over - 0 runs, 1 hit, 0 errors, 1 left on base; Minnesota 0 - Chicago 0 |
| TOP OF THE 3RD |
|
Minnesota Twins batting - Pitching for Chicago White Sox : RHP Ray Corbin
|
|
Batting: LHB Ken Oberkfell
|
0-0: Ground out 4-3 (Groundball, 34, EV 85.6 MPH)
|
|
Batting: RHB Lee Lacy
|
0-0: Called Strike 0-1: Ball 1-1: Ball 2-1: Foul Ball, location: 2F 2-2: Ball 3-2: Strikes out looking
|
|
Batting: RHB Steve Brye
|
0-0: Ball 1-0: Called Strike 1-1: Swinging Strike 1-2: Fly out, F8 (Flyball, 8LD, EV 95.0 MPH)
|
| Top of the 3rd over - 0 runs, 0 hits, 0 errors, 0 left on base; Minnesota 0 - Chicago 0 |
| BOTTOM OF THE 3RD |
|
Chicago White Sox batting - Pitching for Minnesota Twins : RHP Marcos Ortega
|
|
Batting: SHB Dwayne Taggart
|
0-0: Ball 1-0: Called Strike 1-1: Ball 2-1: Called Strike 2-2: Foul Ball, location: 2F 2-2: DOUBLE (Line Drive, 8RXD, EV 105.6 MPH)
|
|
Batting: LHB Steve Christmas
|
0-0: Ball 1-0: Ball 2-0: Ground out U3 (Groundball, 3L, EV 102.5 MPH) Dwayne Taggart to third
|
|
Batting: SHB Ozzie Smith
|
0-0: Fly out, F7 (Flyball, 7LM, EV 95.6 MPH) Runner from 3rd tags up, SCORES, no throw by LF
|
|
Batting: LHB Mitchell Page
|
0-0: Swinging Strike 0-1: Ball 1-1: Foul Ball, location: 2F 1-2: Strikes out looking
|
| Bottom of the 3rd over - 1 run, 1 hit, 0 errors, 0 left on base; Minnesota 0 - Chicago 1 |
| TOP OF THE 4TH |
|
Minnesota Twins batting - Pitching for Chicago White Sox : RHP Ray Corbin
|
|
Batting: RHB Matt Cooper
|
0-0: Fly out, F8 (Flyball, 8LD, EV 96.9 MPH)
|
|
Batting: RHB Randy Edwards
|
0-0: Foul Ball, location: 2F 0-1: Fly out, F8 (Flyball, 8LXD, EV 105.0 MPH)
|
|
Batting: LHB Eloy Escobedo
|
0-0: Called Strike 0-1: Called Strike 0-2: Ball 1-2: SINGLE (Groundball, 4MD, EV 107.5 MPH)
|
|
Batting: RHB George Foster
|
0-0: Ball 1-0: Ball 2-0: Ball 3-0: Base on Balls Eloy Escobedo to second
|
|
Batting: RHB Chet Lemon
|
0-0: Foul Ball, location: 2F 0-1: Fly out, F8 (Flyball, 8RD, EV 106.3 MPH)
|
| Top of the 4th over - 0 runs, 1 hit, 0 errors, 2 left on base; Minnesota 0 - Chicago 1 |
| BOTTOM OF THE 4TH |
|
Chicago White Sox batting - Pitching for Minnesota Twins : RHP Marcos Ortega
|
|
Batting: RHB Tim Teufel
|
0-0: Called Strike 0-1: Ball 1-1: Ground out U3 (Groundball, 3, EV 87.5 MPH)
|
|
Batting: RHB Mike Heath
|
0-0: Ground out 5-3 (Groundball, 56, EV 88.8 MPH)
|
|
Batting: RHB Kevin McReynolds
|
0-0: Called Strike 0-1: Ball 1-1: Ground out 6-3 (Groundball, 6, EV 106.9 MPH)
|
| Bottom of the 4th over - 0 runs, 0 hits, 0 errors, 0 left on base; Minnesota 0 - Chicago 1 |
| TOP OF THE 5TH |
|
Minnesota Twins batting - Pitching for Chicago White Sox : RHP Ray Corbin
|
|
Batting: RHB Brook Jacoby
|
0-0: Ball 1-0: Ball 2-0: Foul Ball, location: 2F 2-1: Called Strike 2-2: Foul Ball, location: 2F 2-2: Foul Ball, location: 2F 2-2: Ball 3-2: Ground out 6-3 (Groundball, 4MD, EV 103.8 MPH)
|
|
Batting: LHB Ken Oberkfell
|
0-0: Ground out 5-3 (Groundball, 56, EV 80.6 MPH)
|
|
Batting: RHB Lee Lacy
|
0-0: Called Strike 0-1: Ground out 6-3 (Groundball, 6, EV 110.0 MPH)
|
| Top of the 5th over - 0 runs, 0 hits, 0 errors, 0 left on base; Minnesota 0 - Chicago 1 |
| BOTTOM OF THE 5TH |
|
Chicago White Sox batting - Pitching for Minnesota Twins : RHP Marcos Ortega
|
|
Batting: RHB Steve Henderson
|
0-0: Ball 1-0: Called Strike 1-1: Ball 2-1: Ball 3-1: Ground out 5-3 (Groundball, 56, EV 108.1 MPH)
|
|
Batting: LHB Ryan MacFarland
|
0-0: Called Strike 0-1: Ball 1-1: Called Strike 1-2: Ground out 4-3 (Groundball, 4, EV 105.0 MPH)
|
|
Batting: SHB Dwayne Taggart
|
0-0: Ball 1-0: Swinging Strike 1-1: Called Strike 1-2: Strikes out looking
|
| Bottom of the 5th over - 0 runs, 0 hits, 0 errors, 0 left on base; Minnesota 0 - Chicago 1 |
| TOP OF THE 6TH |
|
Minnesota Twins batting - Pitching for Chicago White Sox : RHP Ray Corbin
|
|
Batting: RHB Steve Brye
|
0-0: Called Strike 0-1: Fly out, F8 (Flyball, 8RS, EV 83.1 MPH)
|
|
Batting: RHB Matt Cooper
|
0-0: Ground out 6-3 (Groundball, 6D, EV 97.5 MPH)
|
|
Batting: RHB Randy Edwards
|
0-0: Foul Ball, location: 2F 0-1: SINGLE (Groundball, 4D, EV 102.5 MPH)
|
|
Pinch Runner at 1st Tony Bernazard:
|
|
|
Batting: LHB Eloy Escobedo
|
0-0: Called Strike 0-1: Ball Tony Bernazard steals 2nd base 1-1: Swinging Strike 1-2: Foul Ball, location: 2F 1-2: Ball 2-2: Fly out, F7 (Line Drive, 7D, EV 105.6 MPH)
|
| Top of the 6th over - 0 runs, 1 hit, 0 errors, 1 left on base; Minnesota 0 - Chicago 1 |
| BOTTOM OF THE 6TH |
|
Chicago White Sox batting - Pitching for Minnesota Twins : RHP Marcos Ortega
|
|
Batting: LHB Steve Christmas
|
0-0: Fly out, F7 (Flyball, 78D, EV 94.4 MPH)
|
|
Batting: SHB Ozzie Smith
|
0-0: Called Strike 0-1: Foul Ball, location: 2F 0-2: Foul Ball, location: 2F 0-2: Ball 1-2: Ground out U3 (Groundball, 3S, EV 84.4 MPH)
|
|
Batting: LHB Mitchell Page
|
0-0: Ball 1-0: Fly out, F7 (Flyball, 7D, EV 105.6 MPH)
|
| Bottom of the 6th over - 0 runs, 0 hits, 0 errors, 0 left on base; Minnesota 0 - Chicago 1 |
| TOP OF THE 7TH |
|
Minnesota Twins batting - Pitching for Chicago White Sox : RHP Ray Corbin
|
|
Batting: RHB George Foster
|
0-0: Called Strike 0-1: Swinging Strike 0-2: Ball 1-2: Ball 2-2: Ball 3-2: Fly out, F9 (Flyball, 9S, EV 81.3 MPH)
|
|
Batting: RHB Chet Lemon
|
0-0: Foul Ball, location: 2F 0-1: SINGLE (Flyball, 78S, EV 88.1 MPH)
|
|
Batting: RHB Brook Jacoby
|
0-0: Fly out, F4 (Flyball, 34D, EV 77.5 MPH)
|
|
Pinch Hitting: SHB Jerry Mumphrey
|
0-0: Ball Chet Lemon steals 2nd base 1-0: Swinging Strike 1-1: Ground out 6-3 (Groundball, 6D, EV 106.3 MPH)
|
| Top of the 7th over - 0 runs, 1 hit, 0 errors, 1 left on base; Minnesota 0 - Chicago 1 |
| BOTTOM OF THE 7TH |
|
Chicago White Sox batting - Pitching for Minnesota Twins : RHP Marcos Ortega
|
|
Now at SS: Taylor Duncan
|
|
|
Batting: RHB Tim Teufel
|
0-0: Foul Ball, location: 2F 0-1: SINGLE (Groundball, 56D, EV 95.6 MPH)
|
|
Batting: RHB Mike Heath
|
0-0: Called Strike 0-1: Hit by Pitch Tim Teufel to second
|
|
Batting: RHB Kevin McReynolds
|
0-0: Ball 1-0: Ball 2-0: Foul Ball, location: 2F 2-1: SINGLE (Line Drive, 6MD, EV 101.9 MPH) Tim Teufel to third Mike Heath to second Runner from 3rd tries for Home, SAFE, throw by CF to home
|
|
Batting: RHB Steve Henderson
|
0-0: Swinging Strike 0-1: Fielders Choice at 2nd, 4-6 (Groundball, 4, EV 80.6 MPH) Mike Heath to third
|
|
Batting: LHB Ryan MacFarland
|
0-0: Ball 1-0: Called Strike 1-1: Ball Steve Henderson steals 2nd base 2-1: Called Strike 2-2: Strikes out swinging
|
|
Batting: SHB Dwayne Taggart
|
0-0: Ball 1-0: Called Strike 1-1: Foul Ball, location: 2F 1-2: Ball 2-2: Ball 3-2: Base on Balls
|
|
Batting: LHB Steve Christmas
|
0-0: Ball 1-0: Called Strike 1-1: Fly out, F4 (Flyball, 4D, EV 83.8 MPH)
|
| Bottom of the 7th over - 1 run, 2 hits, 0 errors, 3 left on base; Minnesota 0 - Chicago 2 |
| TOP OF THE 8TH |
|
Minnesota Twins batting - Pitching for Chicago White Sox : RHP Ray Corbin
|
|
Batting: RHB Lee Lacy
|
0-0: Called Strike 0-1: Ground out 2-3 (Groundball, 2L, EV 69.4 MPH)
|
|
Batting: RHB Steve Brye
|
0-0: Ball 1-0: Ball 2-0: Foul Ball, location: 2F 2-1: Foul Ball, location: 2F 2-2: Ground out 4-3 (Groundball, 4, EV 83.1 MPH)
|
|
Batting: RHB Matt Cooper
|
0-0: Called Strike 0-1: Ground out 3-1 (Groundball, 34, EV 102.5 MPH)
|
| Top of the 8th over - 0 runs, 0 hits, 0 errors, 0 left on base; Minnesota 0 - Chicago 2 |
| BOTTOM OF THE 8TH |
|
Chicago White Sox batting - Pitching for Minnesota Twins : RHP Marcos Ortega
|
|
Pitching: RHP Stephen Fuller
|
|
|
Batting: SHB Ozzie Smith
|
0-0: Ball 1-0: Called Strike 1-1: Ball 2-1: Ball 3-1: Fly out, F8 (Line Drive, 8RM, EV 88.1 MPH)
|
|
Batting: LHB Mitchell Page
|
0-0: Swinging Strike 0-1: SINGLE (Line Drive, 8RS, EV 103.1 MPH)
|
|
Batting: RHB Tim Teufel
|
0-0: Called Strike 0-1: Ball 1-1: Ball 2-1: Fly out, F8 (Line Drive, 8RD, EV 95.0 MPH)
|
|
Batting: RHB Mike Heath
|
0-0: Ball 1-0: Fly out, F6 (Popup, 6M, EV 43.1 MPH)
|
| Bottom of the 8th over - 0 runs, 1 hit, 0 errors, 1 left on base; Minnesota 0 - Chicago 2 |
| TOP OF THE 9TH |
|
Minnesota Twins batting - Pitching for Chicago White Sox : RHP Ray Corbin
|
|
Batting: SHB Tony Bernazard
|
0-0: Called Strike 0-1: Ball 1-1: Fly out, F8 (Flyball, 89M, EV 87.5 MPH)
|
|
Batting: LHB Eloy Escobedo
|
0-0: Ball 1-0: DOUBLE (Line Drive, 89D, EV 107.5 MPH)
|
|
Batting: RHB George Foster
|
0-0: Swinging Strike 0-1: Ground out 5-3 (Groundball, 5, EV 100.0 MPH)
|
|
Batting: RHB Chet Lemon
|
0-0: Ball 1-0: Called Strike 1-1: Ball 2-1: Ball 3-1: Base on Balls
|
|
Batting: RHB Brook Jacoby
|
0-0: Ball 1-0: Called Strike 1-1: Ball 2-1: Ball 3-1: Foul Ball, location: 2F 3-2: Strikes out swinging, 2-3 out at first.
|
| Top of the 9th over - 0 runs, 1 hit, 0 errors, 2 left on base; Minnesota 0 - Chicago 2 |
|